Map: Whitewater Line LE

Players

Throwfordays

  • Race: Terran Terran
  • League: Silver
  • Spawn Location: 1:00

Faust

  • Race: Zerg Zerg
  • League: Diamond
  • Spawn Location: 1:00

Cthulhu

  • Race: Zerg Zerg
  • Spawn Location: 12:00

Esquire - Winner!

  • Race: Protoss Protoss
  • League: Diamond
  • Spawn Location: 6:00

Jaquez - Winner!

  • Race: Protoss Protoss
  • League: Platinum
  • Spawn Location: 7:00

Oberyn - Winner!

  • Race: Protoss Protoss
  • League: Platinum
  • Spawn Location: 7:00

VOD

Have the link to the VOD?

Description

Time

  • Played on: March 23, 2019, 11:45 p.m.
  • Length: 14:07
Show
View Real Time Build Order
Export as new Build Order

Throwfordays Terran 

Build Orders:  

Get SALT Encoding   

  12  0:01  SCV  
  13  0:13  SCV  
  14  0:18  Supply Depot  
  14  0:25  SCV  
  15  0:40  SCV  
  16  0:46  Barracks  
  16  0:49  Refinery  
  16  0:52  SCV  
  17  1:04  SCV  
  18  1:16  SCV  
  19  1:28  SCV  
  20  1:40  SCV, Barracks Tech Lab  
  20  1:45  Command Center  
  21  1:55  SCV, Supply Depot  
  21  1:58  Refinery  
  22  2:07  SCV  
  23  2:19  SCV  
  24  2:28  Factory  
  24  2:31  SCV  
  25  2:44  SCV  
  26  3:03  SCV  
  27  3:07  SCV  
  27  3:12  Starport  
  28  3:13  Factory Tech Lab  
  28  3:15  SCV  
  28  3:19  SCV, Supply Depot  
  30  3:23  Supply Depot  
  30  3:27  SCV  
  30  3:31  SCV  
  32  3:35  Infernal Pre-Igniter  
  32  3:36  Combat Shield  
  32  3:39  SCV  
  33  3:43  SCV  
  34  3:52  SCV  
  34  3:55  SCV  
  36  4:00  Starport Reactor  
  36  4:04  SCV  
  36  4:07  Marine, SCV  
  39  4:13  Viking  
  39  4:16  SCV  
  42  4:19  SCV  
  42  4:21  Supply Depot  
  43  4:25  Marine  
  43  4:28  SCV  
  43  4:29  Widow Mine  
  47  4:43  Marine  
  47  4:49  Viking  
  46  5:00  Marine  
  47  5:18  Marine  
  47  5:20  Widow Mine  
  50  5:22  Engineering Bay  
  50  5:23  Viking  
  52  5:29  Refinery  
  52  5:31  SCV  
  52  5:32  Refinery  
  53  5:36  Marine  
  53  5:41  Widow Mine  
  56  5:43  SCV  
  57  5:50  Armory  
  57  5:54  Marine  
  57  5:55  SCV  
  51  6:12  Marine  
  52  6:20  Missile Turret  
  52  6:21  Missile Turret  
  52  6:22  Missile Turret x2  
  52  6:29  Marine  
  52  6:30  SCV  
  54  6:33  SCV  
  55  6:42  SCV  
  55  6:43  Starport Reactor  
  55  6:45  SCV  
  57  6:47  Marine  
  58  6:54  Armory, Starport  
  58  6:57  Supply Depot  
  58  7:00  SCV  
  59  7:05  Marine  
  60  7:17  Missile Turret  
  60  7:19  Missile Turret  
  60  7:20  Missile Turret  
  60  7:21  Missile Turret  
  60  7:23  Marine  
  61  7:30  Liberator x2  
  61  7:34  Terran Ship Weapons Level 1  
  67  7:37  Terran Infantry Weapons Level 1  
  67  7:41  Marine  
  67  7:42  Drilling Claws  
  68  7:45  Terran Vehicle Weapons Level 1  
  68  7:59  Marine  
  68  8:03  Starport Reactor  
  69  8:09  Barracks  
  69  8:13  Liberator x2  
  75  8:22  Barracks  
  72  8:53  Liberator x2  
  71  9:24  Liberator x2  
  77  9:43  Supply Depot  
  77  9:44  Supply Depot  
  77  9:45  Supply Depot  
  77  10:04  Liberator  
  77  10:07  Liberator x2  
  80  11:21  Barracks Tech Lab x2  
  80  11:23  Barracks Reactor x2  
  74  11:36  Medivac x2  
  74  11:37  Medivac x2  
  82  11:40  Stimpack  
  82  11:41  Marine  
  83  11:48  Supply Depot  
  83  11:59  Marine  
  78  12:12  Marine x2  
  78  12:13  Marine x2  
  82  12:17  Marine  
  82  12:19  Medivac x2  
  87  12:30  Marine x4  
  87  12:35  Marine  
  92  12:48  Marine x4  
  92  12:49  Medivac  
  98  12:52  Marine  
  98  12:56  Engineering Bay  
  99  13:06  Marine x4  
  99  13:10  Marine  
  101  13:23  Marine  
  101  13:24  Marine x2  
  101  13:28  Marine  
  98  13:46  Marine  
Show
View Real Time Build Order
Export as new Build Order

Faust Zerg 

Build Orders: Pool First 

Get SALT Encoding   

  12  0:01  Drone  
  13  0:08  Drone  
  14  0:14  Extractor  
  14  0:16  Drone  
  15  0:22  Overlord  
  15  0:38  Extractor  
  15  0:42  Spawning Pool  
  13  0:44  Drone  
  13  0:49  Drone  
  15  0:53  Drone  
  16  1:29  Zergling x6  
  16  1:30  Queen  
  21  1:40  Metabolic Boost  
  21  1:42  Drone  
  22  1:56  Overlord  
  22  2:07  Hatchery  
  21  2:15  Drone x2  
  23  2:25  Drone  
  24  2:52  Zergling x6  
  24  2:53  Zergling x2  
  24  2:56  Lair  
  28  3:14  Zergling x4  
  30  3:34  Zergling x12  
  33  3:42  Queen  
  33  3:43  Drone  
  33  3:45  Overlord  
  33  3:47  Extractor  
  34  4:02  Drone x2  
  36  4:06  Spore Crawler  
  36  4:10  Drone x2, Hydralisk Den  
  36  4:21  Queen  
  38  4:24  Spore Crawler  
  38  4:25  Drone x2  
  35  4:48  Hydralisk x3  
  35  4:51  Hydralisk  
  36  5:14  Hydralisk  
  36  5:15  Hydralisk x2  
  36  5:17  Drone  
  36  5:18  Drone  
  44  5:35  Overlord x2  
  44  5:41  Muscular Augments  
  44  5:54  Overlord x2  
  44  6:13  Drone x6  
  48  6:27  Overlord x2  
  48  6:31  Drone  
  48  6:32  Drone  
  50  6:34  Drone  
  50  6:36  Drone  
  52  6:46  Drone  
  52  6:47  Drone x3  
  54  6:52  Grooved Spines  
  56  7:12  Hydralisk  
  56  7:13  Hydralisk x5  
  68  7:40  Drone x2  
  68  7:41  Drone x4  
  63  8:09  Hydralisk  
  63  8:10  Hydralisk x5  
  65  8:18  Hydralisk x3  
  70  8:20  Zergling x4  
  53  8:52  Zergling x16  
  53  8:53  Zergling x4  
  51  9:04  Drone x2  
  53  9:20  Drone x5  
  58  9:37  Hatchery  
  57  9:57  Hydralisk  
  57  9:58  Hydralisk x4  
  53  10:21  Baneling Nest  
  53  10:24  Extractor, Drone x3  
  53  10:25  Extractor, Drone x2  
  55  10:36  Queen  
  55  10:41  Hatchery  
  56  10:45  Drone x2, Evolution Chamber  
  56  10:46  Drone x2, Evolution Chamber  
  57  11:06  Zergling x2  
  57  11:08  Hydralisk  
  59  11:12  Overlord x2  
  59  11:26  Overlord x4  
  59  11:30  Zerg Ground Armor Level 1, Zerg Missile Weapons Level 1  
  59  11:33  Hydralisk x2  
  59  11:39  Hydralisk  
  63  11:40  Hydralisk x3  
  68  11:53  Hydralisk x4  
  68  11:54  Hydralisk  
  51  12:22  Hydralisk x4  
  50  12:23  Hydralisk x4  
  66  12:32  Hydralisk x2  
  70  12:46  Drone x5  
  70  12:47  Queen  
  77  12:51  Drone  
  78  13:03  Drone x2  
  80  13:36  Hydralisk  
  80  13:37  Hydralisk x6  
Show
View Real Time Build Order
Export as new Build Order

Cthulhu Zerg 

Build Orders: Pool First 

Get SALT Encoding   

  12  0:06  Drone  
  13  0:10  Drone  
  14  0:14  Extractor  
  14  0:15  Drone  
  15  0:23  Overlord  
  15  0:39  Spawning Pool  
  14  0:43  Drone  
  15  0:50  Extractor  
  15  0:51  Drone  
  15  0:55  Drone  
  16  1:03  Drone  
  17  1:13  Drone  
  18  1:24  Drone  
  19  1:34  Drone  
  20  1:41  Roach Warren  
  20  1:43  Extractor  
  18  1:50  Drone  
  19  1:54  Drone  
  20  2:13  Drone  
  20  2:14  Hatchery  
  20  2:23  Lair  
  20  2:25  Roach  
  20  2:29  Overlord  
  22  3:11  Overlord, Roach  
  22  3:12  Drone  
  25  3:26  Evolution Chamber  
  25  3:27  Evolution Chamber  
  23  3:29  Roach  
  23  3:31  Overseer  
  23  3:32  Drone  
  23  3:33  Drone  
  27  3:35  Queen x2  
  27  4:10  Queen  
  29  4:20  Spore Crawler  
  26  4:39  Lair  
  26  4:43  Extractor  
  26  4:44  Extractor  
  24  5:11  Drone  
  24  5:12  Drone  
  26  5:25  Ravager x3  
  29  5:34  Drone x2  
  29  5:35  Drone x4  
  35  5:46  Roach  
  37  5:54  Hatchery  
  36  6:40  Drone x2  
  36  6:44  Overlord x2  
  36  7:19  Spore Crawler  
  36  7:20  Spore Crawler  
  36  7:21  Spore Crawler  
  33  7:25  Spore Crawler  
  33  7:26  Spore Crawler  
  31  7:36  Drone x3  
  34  8:30  Lair  
  34  8:38  Hatchery  
  33  9:15  Overlord x4  
  33  9:40  Queen  
  35  9:46  Drone  
  35  9:47  Drone x2  
  38  9:53  Drone  
  39  10:01  Drone  
  40  10:07  Queen, Drone  
  40  10:12  Glial Reconstitution  
  43  10:21  Drone x4  
  47  10:31  Roach  
  49  10:36  Roach x2  
  53  11:06  Roach x7  
  67  11:22  Drone  
  67  11:24  Overlord x3  
  68  11:42  Drone x2  
  68  11:44  Drone x4  
  68  11:45  Drone  
  30  12:53  Hatchery  
  30  12:54  Drone  
  30  12:55  Drone x4  
  30  12:58  Drone x3  
  27  13:47  Roach  
  27  13:48  Roach x4  
Show
View Real Time Build Order
Export as new Build Order

Esquire Protoss - Winner!

Build Orders:  

Get SALT Encoding   

  12  0:00  Probe  
  13  0:12  Probe  
  14  0:19  Pylon  
  14  0:24  Probe  
  15  0:36  Probe  
  15  0:37  Gateway  
  16  0:46  Probe  
  16  0:47  Assimilator  
  16  0:55  Assimilator  
  17  0:59  Probe  
  18  1:07  Probe  
  19  1:15  Probe  
  19  1:24  Cybernetics Core  
  19  1:25  Probe  
  21  1:37  Probe  
  22  1:45  Pylon  
  22  1:49  Probe  
  23  2:03  Stargate  
  23  2:11  Stargate  
  23  2:23  Forge  
  23  2:27  Pylon  
  23  2:46  Void Ray  
  27  3:04  Void Ray  
  26  3:08  Pylon, Photon Cannon  
  30  3:28  Pylon  
  30  3:30  Probe  
  31  3:43  Void Ray, Probe  
  36  4:09  Void Ray  
  40  4:14  Photon Cannon  
  36  4:54  Void Ray x2  
  43  5:22  Photon Cannon  
  43  5:33  Probe  
  44  5:36  Nexus  
  40  6:00  Void Ray  
  36  6:10  Void Ray  
  44  6:15  Probe  
  45  6:27  Probe  
  46  6:38  Pylon  
  46  6:43  Probe  
  47  6:53  Probe  
  52  6:55  Probe  
  41  7:07  Probe  
  42  7:39  Probe  
  42  7:43  Stargate  
  43  7:45  Stargate  
  43  7:48  Probe  
  43  7:52  Stargate  
  43  7:56  Probe x2  
  44  7:59  Photon Cannon  
  44  8:02  Photon Cannon  
  44  8:04  Probe  
  46  8:06  Assimilator, Probe  
  46  8:10  Assimilator  
  48  8:14  Probe  
  48  8:18  Probe  
  50  8:26  Probe  
  51  8:28  Pylon  
  51  8:30  Pylon, Probe  
  51  8:32  Pylon  
  51  8:33  Pylon  
  52  8:38  Probe  
  53  8:42  Probe  
  54  8:50  Probe  
  54  8:54  Probe  
  56  9:02  Probe  
  57  9:05  Void Ray  
  57  9:09  Void Ray  
  57  9:14  Probe  
  57  9:15  Void Ray  
  66  9:48  Void Ray x2  
  74  9:58  Void Ray  
  78  10:20  Nexus  
  78  10:22  Pylon  
  78  10:27  Probe  
  78  10:28  Void Ray  
  79  10:31  Pylon, Void Ray  
  79  10:34  Void Ray  
  86  10:44  Photon Cannon  
  86  10:45  Probe  
  87  10:56  Photon Cannon  
  87  10:57  Shield Battery  
  87  10:58  Probe  
  87  11:03  Void Ray  
  88  11:10  Probe  
  93  11:14  Void Ray  
  93  11:17  Shield Battery  
  97  11:21  Pylon  
  97  11:22  Probe  
  98  11:25  Assimilator  
  98  11:28  Assimilator  
  98  11:29  Void Ray  
  102  11:34  Probe  
  103  11:46  Void Ray  
  107  11:58  Void Ray  
  111  12:11  Void Ray  
  115  12:25  Probe  
  115  12:26  Void Ray  
  120  12:32  Probe  
  120  12:34  Void Ray  
  120  12:35  Photon Cannon  
  121  12:37  Probe  
  126  12:44  Void Ray  
  126  12:49  Probe  
  131  13:01  Probe  
  132  13:34  Probe  
  130  13:48  Probe  
  130  13:50  Nexus  
  130  13:52  Pylon  
  130  14:05  Nexus  
Show
View Real Time Build Order
Export as new Build Order

Jaquez Protoss - Winner!

Build Orders:  

Get SALT Encoding   

  12  0:00  Probe  
  13  0:13  Probe  
  14  0:19  Pylon  
  14  0:25  Probe  
  15  0:37  Probe  
  15  0:38  Gateway  
  16  0:46  Assimilator  
  16  0:49  Probe  
  17  1:00  Assimilator  
  17  1:01  Probe  
  18  1:14  Probe  
  19  1:24  Probe  
  19  1:27  Cybernetics Core  
  20  1:32  Probe  
  20  1:34  Pylon  
  21  1:41  Probe  
  22  2:15  Pylon  
  22  2:32  Warp Gate  
  22  2:41  Pylon  
  22  2:52  Stalker  
  22  2:53  Gateway  
  22  2:54  Gateway  
  22  2:57  Gateway  
  24  2:58  Gateway  
  24  3:40  Pylon  
  24  3:44  Pylon  
  24  3:45  Stalker  
  26  4:10  Shield Battery  
  26  4:12  Shield Battery  
  26  4:14  Shield Battery  
  26  4:24  Stargate  
  26  4:27  Twilight Council  
  26  4:32  Stalker  
  28  4:48  Stalker x2  
  32  5:00  Blink  
  32  5:17  Nexus  
  32  5:29  Stalker  
  34  5:45  Forge  
  34  5:57  Stalker x2  
  38  6:12  Void Ray  
  42  6:29  Probe x2  
  44  6:37  Probe x2  
  44  6:46  Stalker, Probe  
  44  6:47  Probe  
  50  6:54  Stalker  
  50  6:58  Stalker  
  54  7:07  Stalker  
  56  7:21  Protoss Ground Weapons Level 1  
  56  7:26  Stalker x3  
  62  7:39  Probe  
  62  7:40  Probe  
  62  7:51  Probe  
  62  7:52  Probe  
  64  8:03  Probe  
  64  8:04  Probe  
  50  9:01  Stalker x2  
  50  9:02  Stalker x3  
  56  9:04  Void Ray  
  60  9:11  Fleet Beacon  
  60  9:15  Assimilator  
  60  9:18  Assimilator  
  60  9:21  Pylon  
  60  9:24  Pylon  
  60  9:26  Stalker x5  
  60  9:27  Pylon  
  70  10:03  Stalker x4  
  61  10:23  Probe x2  
  63  10:31  Probe x2  
  65  10:40  Probe  
  65  10:41  Probe  
  65  10:42  Stalker x4  
  75  10:52  Probe  
  75  10:53  Probe  
  77  11:05  Probe x2  
  79  11:14  Pylon, Robotics Facility  
  79  11:16  Stalker x2  
  79  11:17  Stalker, Probe x2  
  87  11:49  Carrier  
  69  12:49  Stalker x4  
  77  12:53  Carrier  
  77  12:58  Observer  
  84  13:00  Nexus  
  84  13:03  Assimilator  
  84  13:05  Probe  
  84  13:06  Probe  
  84  13:08  Assimilator  
  86  13:13  Pylon  
  86  13:16  Pylon  
  86  13:19  Warp Prism  
  85  13:20  Pylon  
  85  13:35  Stalker x3  
Show
View Real Time Build Order
Export as new Build Order

Oberyn Protoss - Winner!

Build Orders:  

Get SALT Encoding   

  12  0:05  Probe  
  13  0:14  Pylon  
  13  0:15  Probe  
  14  0:23  Probe  
  15  0:44  Probe  
  15  0:47  Gateway  
  16  0:50  Assimilator  
  16  0:55  Probe  
  17  1:03  Probe  
  17  1:11  Probe  
  19  1:22  Probe  
  20  1:29  Assimilator  
  20  1:34  Probe  
  20  1:39  Cybernetics Core  
  21  1:46  Probe  
  22  1:53  Nexus  
  22  1:58  Probe  
  23  2:23  Warp Gate  
  23  2:28  Pylon  
  23  2:43  Pylon  
  23  2:48  Pylon  
  23  2:55  Pylon, Stalker  
  23  3:01  Pylon  
  24  3:11  Probe  
  24  3:22  Probe  
  25  3:30  Probe  
  25  3:32  Adept  
  27  3:40  Probe  
  29  3:50  Gateway  
  29  3:52  Gateway x2  
  29  3:55  Twilight Council  
  29  3:59  Probe  
  30  4:07  Probe  
  30  4:15  Probe  
  32  4:24  Resonating Glaives  
  32  4:25  Twilight Council, Probe  
  33  4:35  Robotics Facility  
  33  4:37  Probe  
  33  4:38  Pylon  
  34  4:47  Stalker x2  
  34  4:49  Probe  
  34  4:51  Adept  
  41  4:56  Adept  
  43  5:04  Blink  
  43  5:05  Probe  
  43  5:06  Probe  
  43  5:13  Probe  
  45  5:14  Probe  
  47  5:22  Probe x2  
  47  5:23  Warp Prism  
  51  5:31  Robotics Bay  
  51  5:36  Assimilator  
  51  5:37  Probe  
  51  5:38  Assimilator  
  52  6:35  Gravitic Drive  
  52  6:37  Charge  
  52  6:47  Probe  
  52  6:48  Probe  
  54  7:00  Probe x2  
  54  7:01  Gateway  
  56  7:04  Warp Prism  
  56  7:06  Gateway  
  56  7:08  Gateway  
  56  7:12  Pylon  
  56  7:13  Pylon  
  48  7:19  Probe x2  
  48  7:21  Pylon  
  50  7:23  Pylon  
  50  7:31  Pylon  
  50  7:40  Gravitic Boosters  
  50  7:45  Zealot  
  50  7:46  Zealot x3  
  58  8:36  Warp Prism  
  52  8:53  Gateway  
  50  8:56  Gateway  
  50  8:57  Gateway  
  50  9:07  Gateway  
  50  9:12  Forge, Warp Prism  
  50  9:15  Forge  
  52  9:17  Forge  
  52  9:29  Zealot x2  
  56  9:36  Nexus  
  56  9:48  Protoss Ground Weapons Level 1, Protoss Ground Armor Level 1  
  56  9:49  Protoss Shields Level 1  
  51  10:08  Zealot  
  51  10:09  Zealot x6  
  65  10:29  Stalker  
  65  10:30  Stalker x6  
  79  10:37  Warp Prism  
  79  11:07  Stalker x3  
  79  11:08  Stalker x4  
  87  12:14  Nexus  
  83  13:02  Zealot x5  
  83  13:03  Zealot x2  
Tags
 
Add a new tag
Caveats
  • Supply blocks, unpowered buildings, or Contaminate may cause inaccurate times.
  • Supply counts are checked every 10 seconds.